 Dungeon Crawl Stone Soup version 0.29.1-13-g9f3cf754e1 (webtiles) character file.

Game seed: 15811778623535262059

12 shadowmeld the Insei (level 2, -2/33 HPs)
             Began as a Djinni Transmuter on Jan 31, 2023.
             Slain by a gnoll
             ... wielding a +2 flail of protection
              (7 damage)
             ... on level 1 of the Dungeon.
             The game lasted 00:01:40 (539 turns).

shadowmeld the Insei (Djinni Transmuter)             Turns: 539, Time: 00:01:41

Health: -2/33      AC: 21    Str:  9    XL:     2   Next: 45%
Gold:   33         EV:  2    Int: 14    God:
                   SH:  0    Dex: 13

rFire   . . .      SeeInvis .     - Unarmed
rCold   . . .      Faith    .   (no shield)
rNeg    . . .      Spirit   .   (body armour currently unavailable)
rPois   ∞          Reflect  .   (helmet currently unavailable)
rElec   .          Harm     .   (cloak currently unavailable)
rCorr   .          Rampage  .   (gloves currently unavailable)
Will    .....      NoTele   +   (boots unavailable)
Stlth   +.........              (no amulet)
HPRegen 0.11/turn               (no ring)
MPRegen 0.00/turn               (no ring)

@: tree-form
A: stationary, stasis, torment immunity, boosted hp, sickness immunity, (fire
resistance 2), (cold vulnerability 1), float, innate caster, HP casting, extra
vitality 1
a: no special abilities


You were on level 1 of the Dungeon.
You were a tree.
You visited 1 branch of the dungeon, and saw 1 of its levels.

You collected 33 gold pieces.

Inventory:

Missiles
 d - 4 poisoned darts
Armour
 a - a +0 robe (melded)
 c - a scarf of shadows


   Skills:
 * Level 1.2 Fighting
 * Level 2.4 Dodging
 + Level 3.2 Unarmed Combat
 * Level 1.7 Spellcasting


You couldn't memorise any spells.
You knew the following spells:

 Your Spells              Type           Power      Damage    Failure   Level
a - Beastly Appendage     Tmut           12%        N/A       12%         1
b - Wereblood             Tmut           6%         N/A       19%         2
c - Spider Form           Tmut/Pois      6%         N/A       34%         3
d - Ice Form              Ice/Tmut       6%         N/A       75%         4
Your spell library was empty.

Dungeon Overview and Level Annotations

Branches:
Dungeon (1/15)

Altars:


Innate Abilities, Weirdness & Mutations

You are a tree.
Your roots penetrate the ground, keeping you stationary.
You cannot be teleported.
You are immune to unholy pain and torment.
Your maximum health is greatly increased.
Your equipment is partially melded.
You are immune to sickness and miasma.
You are immune to poison.
((Your flesh is very heat resistant. (rF++)))
((You are vulnerable to cold. (rC-)))
You float through the air rather than walking.
You learn spells naturally, not from books.
Your magical power is your life essence.
You have superior vitality. (+4 MHP)


Message History

The quokka closely misses you.
You hit the quokka.
You kill the quokka!
The endoplasm jiggles.
You hit the endoplasm but do no damage. The endoplasm hits you.
You hit the endoplasm.
The endoplasm is almost dead.
The endoplasm hits you.
You hit the endoplasm.
You kill the endoplasm!
Your transformation is almost over.
You see here a +0 leather armour.
You now have 33 gold pieces (gained 9).
Your horns disappear.
A gnoll comes into view.
It is wielding a +2 flail of protection.
Found a dagger.
Casting: Beastly Appendage (safe; 12% risk of failure)
Confirm with . or Enter, or press ? or * to list all spells.
You miscast Beastly Appendage.
You are very lightly contaminated with residual magic.
Nothing appears to happen.
Casting: Beastly Appendage (safe; 12% risk of failure)
Confirm with . or Enter, or press ? or * to list all spells.
You grow a pair of large bovine horns.
The gnoll hits you with a +2 flail of protection.
You hit the gnoll but do no damage.
The gnoll hits you with a +2 flail of protection!
Ouch! That really hurt!
* * * LOW HITPOINT WARNING * * *
Really quaff the potion of lignification?
Your horns disappear.
You turn into a tree.
Your +0 robe melds into your body.
Your roots penetrate the ground.
The gnoll hits you but does no damage.
You hit the gnoll but do no damage. The gnoll hits you but does no damage.
Your magical contamination has completely faded away.
You completely miss the gnoll. The gnoll hits you but does no damage.
You hit the gnoll but do no damage. You punch the gnoll.
The gnoll is moderately wounded.
The gnoll hits you with a +2 flail of protection!
You die...

.#.###...# ..#..#
#........# .....#
.........##...#..#
...####...... ...#
##..###..#### #..#
#...##..######..#
#.........[.....#
.....###########.#
#...## #♣# ##)##
#g# #.# #.# #. .)#
## ###


You could see a gnoll.

Vanquished Creatures
  An endoplasm (D:1)
  A giant cockroach (D:1)
  2 goblins (D:1)
  A hobgoblin (D:1)
  A kobold (D:1)
  A quokka (D:1)
  3 ball pythons (D:1)
10 creatures vanquished.

Notes
Turn   | Place    | Note
-------+----------+-------------------------------------------
     0 | D:1      | shadowmeld the Djinni Transmuter began the quest for the
                  | Orb.
     0 | D:1      | shadowmeld set off with the following spells memorised:
                  | Beastly Appendage, Wereblood, Spider Form, Ice Form.
     0 | D:1      | Reached XP level 1. HP: 17/17 MP: 0/0
   288 | D:1      | Reached XP level 2. HP: 21/22 MP: 0/0
   539 | D:1      | Slain by a gnoll

Illustrated notes

Levels and vault maps discovered:
D:1:      minmay_arrival_four_loops, layout_loops_ring,
          shapermc_ecumenical_altar_ellora

Action                   || total
-------------------------++-------
Melee: Unarmed           ||    20
       Headbutt          ||     3
       Punch             ||     1
 Cast: Beastly Appendage ||     8
  Use: Potion            ||     1
Armor: Skin              ||     3
       Robe              ||     1
Dodge: Dodged            ||     5
